 Dungeon Crawl Stone Soup version 0.29-a0-517-gbdf32494f2 (webtiles) character file.

Game seed: 13615733318809698520

48 Sabo the Insei (level 3, -2/27 HPs)
             Began as a Demigod Transmuter on May 30, 2022.
             Slain by Sigmund
             ... wielding a +0 scythe
              (7 damage)
             ... on level 2 of the Dungeon.
             The game lasted 00:07:43 (1099 turns).

Sabo the Insei (Demigod Transmuter)                 Turns: 1099, Time: 00:07:43

Health: -2/27      AC:  2    Str: 11    XL:     3   Next: 30%
Magic:  8/8        EV: 12    Int: 19    God:
Gold:   42         SH:  0    Dex: 14    Spells: 5/6 levels left

rFire   . . .      SeeInvis .     - Unarmed
rCold   . . .      Faith    .   (no shield)
rNeg    . . .      Spirit   .   a - +0 robe
rPois   .          Reflect  .   (no helmet)
rElec   .          Harm     .   (no cloak)
rCorr   .          Rampage  .   (no gloves)
Will    .....                   (no boots)
Stlth   +.........              f - amulet of regeneration
HPRegen 0.89/turn               (no ring)
MPRegen 0.11/turn               (no ring)

@: confused
A: high MP 1, forlorn, divine attributes
a: no special abilities


You were on level 2 of the Dungeon.
You visited 1 branch of the dungeon, and saw 2 of its levels.

You collected 42 gold pieces.

Inventory:

Missiles
 l - a throwing net
Armour
 a - a +0 robe (worn)
 c - a +0 scale mail
 d - a +0 ring mail
Magical Staves
 k - a staff of death
Jewellery
 f - an amulet of regeneration (around neck)
Scrolls
 e - a scroll of blinking {unknown}
 g - a scroll of summoning {unknown}
 i - 2 scrolls of identify {unknown}
Potions
 b - a potion of lignification
 h - a potion of haste {unknown}
 j - 2 potions of curing {unknown}
 m - a potion of magic {unknown}


   Skills:
 + Level 0.9 Fighting
 + Level 1.9 Dodging
 + Level 3.5 Unarmed Combat
 + Level 2.1 Spellcasting
 + Level 2.2 Transmutations


You had 5 spell levels left.
You knew the following spells:

 Your Spells              Type           Power      Damage    Failure   Level
a - Beastly Appendage     Tmut           20%        N/A       7%          1

Your spell library contained the following spells:

 Spells                   Type           Power      Damage    Failure   Level
 Wereblood                Tmut           10%        N/A       10%         2
 Spider Form              Tmut/Pois      6%         N/A       30%         3
 Ice Form                 Ice/Tmut       6%         N/A       71%         4


Dungeon Overview and Level Annotations

Branches:
Dungeon (2/15)

Annotations:
D:2 Sigmund


Innate Abilities, Weirdness & Mutations

You have an increased reservoir of magic. (+10% MP)
You shall have no god before yourself.
Your divine heritage dramatically boosts your attributes as you level up.


Message History

Sigmund barely misses you.
You hit Sigmund. You headbutt Sigmund, but do no damage.
Sigmund is lightly wounded.
Sigmund hits you with a +0 scythe.
You completely miss Sigmund. Your kick misses Sigmund.
Sigmund is lightly wounded.
Your transformation is almost over.
You hit Sigmund but do no damage.
Sigmund is lightly wounded.
Sigmund completely misses you.
You punch Sigmund! Your headbutt misses Sigmund.
Sigmund is heavily wounded.
The goblin closely misses you. Sigmund gestures at you while chanting.
The magic dart hits you!
You closely miss Sigmund. Your headbutt misses Sigmund.
Sigmund is heavily wounded.
The goblin hits you but does no damage. Sigmund casts a spell at you.
The magic dart hits you!
* * * LOW HITPOINT WARNING * * *
You hit Sigmund. You claw Sigmund, but do no damage.
Sigmund is severely wounded.
The goblin misses you. Sigmund hits you with a +0 scythe.
* * * LOW HITPOINT WARNING * * *
You closely miss Sigmund. You claw Sigmund.
Sigmund is severely wounded.
The goblin barely misses you.
You hit Sigmund.
Sigmund is almost dead.
The goblin hits you but does no damage. Sigmund barely misses you.
You hit Sigmund but do no damage. Your kick misses Sigmund.
Your headbutt misses Sigmund.
Sigmund is almost dead.
The goblin barely misses you. Sigmund gestures at you while chanting.
You are confused.
Your horns disappear.
Your talons disappear.
Sigmund hits you with a +0 scythe!
You die...

##....#..#
####....# ###..#
##.## #..#
#.#.#######
...###.##...
#...#...#@######
#........g@.....#
##.......#.####...
##....B##.#
.>.....##.#
#####.#.##.#
###.##.# .B ..# #.
...


You could see Sigmund, a giant cockroach (wandering) and a goblin.

Vanquished Creatures
  An adder (D:2)
  A dart slug (D:2)
  3 bats
  4 endoplasms (D:1)
  A giant cockroach (D:2)
  2 goblins
  8 hobgoblins
  4 kobolds
  2 quokkas (D:1)
  A ball python (D:2)
  3 frilled lizards (D:1)
  2 rats (D:1)
32 creatures vanquished.

Notes
Turn   | Place    | Note
-------+----------+-------------------------------------------
     0 | D:1      | Sabo the Demigod Transmuter began the quest for the Orb.
     0 | D:1      | Reached XP level 1. HP: 15/15 MP: 5/5
   241 | D:1      | Reached skill level 3 in Unarmed Combat
   382 | D:1      | Reached XP level 2. HP: 22/22 MP: 5/7
   993 | D:2      | Reached XP level 3. HP: 27/27 MP: 8/8
  1086 | D:2      | Noticed Sigmund
  1099 | D:2      | Slain by Sigmund

Illustrated notes

Levels and vault maps discovered:
D:1:      dpeg_arrival_radiant, layout_loops_cross,
          hellmonk_ecumenical_altar_run_dry
D:2:      layout_loops_ring, minmay_pentomino_x4, uniq_sigmund

Skill      XL: |  1  2 |
---------------+-------+-----
Unarmed Combat | 3 |  3.5
Transmutations | 2 |  2.2
Spellcasting   | 2 |  2.1
Fighting       | |  0.9
Dodging        | |  1.9

Action                   || total
-------------------------++-------
Melee: Unarmed           ||   108
       Kick              ||    21
       Headbutt          ||    14
       Punch             ||     2
 Cast: Beastly Appendage ||    16
Armor: Robe              ||    30
Dodge: Dodged            ||    63

Table legend: (Time is in decaauts)
 A = Elapsed time spent in this place.
 B = Non-inter-level travel time spent in this place.
 C = Inter-level travel time spent in this place.
 D = Time resting spent in this place.
 E = Time spent auto-exploring this place.
 F = Levels seen in this place.
 G = Mean time per level.
                   A        B        C        D        E       F      G
               +--------+--------+--------+--------+--------+-----+--------+
         Total |   1092 |   1092 |      0 |      9 |      0 |   2 |  546.0 |
       Dungeon |   1092 |   1092 |      0 |      9 |      0 |   2 |  546.0 |
               +--------+--------+--------+--------+--------+-----+--------+

Top non-repeatable levels by time:
     D:1: 936 daAuts
     D:2: 155 daAuts
